 Dungeon Crawl Stone Soup version 0.30.1 (webtiles) character file.

Game seed: 12745028686804025128

451 AIAndy the Skirmisher (level 7, 0/51 HPs)
             Began as a Barachi Hunter on July 4, 2023.
             Killed from afar by an orc wizard (10 damage)
             ... with a puff of flame
             ... on level 5 of the Dungeon.
             The game lasted 00:07:39 (2752 turns).

AIAndy the Skirmisher (Barachi Hunter)              Turns: 2752, Time: 00:07:40

Health: 0/51       AC:  7    Str: 12    XL:     7   Next: 4%
Magic:  7/7        EV: 12    Int:  9    God:
Gold:   170        SH:  0    Dex: 18    Spells: 6/6 levels left

rFire   . . .        a - +0 shortbow
rCold   . . .        (shield currently unavailable)
rNeg    . . .        c - +0 leather armour
rPois   .            (no helmet)
rElec   .            (no cloak)
rCorr   .            (no gloves)
SInv    .            (no boots)
Will    +....        (no amulet)
Stlth   ++           e - +4 ring of protection
HPRegen 0.28/turn    v - ring of willpower
MPRegen 0.10/turn

%: no passive effects
@: slow
A: amphibious, slowness 1, strong legs 1, +LOS
a: Hop


You were on level 5 of the Dungeon.
You visited 1 branch of the dungeon, and saw 5 of its levels.

You collected 170 gold pieces.

Inventory:

Hand Weapons
 a - a +0 shortbow (weapon)
Armour
 c - a +0 leather armour (worn)
 i - an orb of guile
Jewellery
 e - a +4 ring of protection (left hand)
 j - a ring of resist corrosion
 u - a ring of magical power
 v - a ring of willpower (right hand)
Scrolls
 b - 2 scrolls of immolation
 g - 4 scrolls of identify {unknown}
 h - 2 scrolls of poison {unknown}
 k - a scroll of fear {unknown}
 l - 2 scrolls of enchant weapon {unknown}
 n - 2 scrolls of enchant armour {unknown}
 p - a scroll of summoning {unknown}
 t - a scroll of amnesia {unknown}
 w - a scroll of teleportation {unknown}
 x - a scroll of magic mapping {unknown}
Potions
 d - 2 potions of brilliance {unknown}
 f - 5 potions of flight {unknown}
 m - a potion of curing {unknown}
 o - a potion of lignification {unknown}
 q - 2 potions of attraction {unknown}
 r - a potion of haste {unknown}
 s - a potion of might {unknown}


   Skills:
 - Level 2.4 Fighting
 + Level 8.2 Ranged Weapons
 - Level 2.1 Dodging
 - Level 0.8 Stealth


You had 6 spell levels left.
You didn't know any spells.
Your spell library contained the following spells:

 Spells                   Type           Power      Damage    Failure   Level
 Ensorcelled Hibernation  Hex/Ice        0%         N/A       61%         2
 Spider Form              Tmut/Pois      0%         N/A       83%         3
 Anguish                  Hex/Necr       0%         N/A       99%         4


Dungeon Overview and Level Annotations

Branches:
Dungeon (5/15)
 Temple: D:4-7

Altars:
Ashenzari
Fedhas
Makhleb
Qazlal

Shops:
D:4 =


Innate Abilities, Weirdness & Mutations

You are amphibious.
You cover ground slowly.
You can hop short distances.
You have an extended range of vision and can be seen from far away.


Message History

Press: ? - help, Q - select action, (/) - cycle Shift-Dir - straight line, f/p - white imp
Aim: a white imp (almost dead, 66% to hit)
You shoot an arrow.
Reactivating autopickup.
You feel a bit more experienced. The white imp gestures at you.
The puff of frost hits you.
* * * LOW HITPOINT WARNING * * *
You have reached level 7!
Fire: a) +0 shortbow
Press: ? - help, Q - select action, (/) - cycle Shift-Dir - straight line, f/p - white imp
Aim: a white imp (almost dead, 66% to hit)
You shoot an arrow. The orc wizard shouts!
The arrow hits the white imp but does no damage.
The white imp is almost dead.
Fire: a) +0 shortbow
Press: ? - help, Q - select action, (/) - cycle Shift-Dir - straight line, f/p - white imp
Aim: a white imp (almost dead, 66% to hit)
You shoot an arrow. The arrow closely misses the white imp.
The white imp gestures at you. The puff of frost misses you.
Fire: a) +0 shortbow
Press: ? - help, Q - select action, (/) - cycle Shift-Dir - straight line, f/p - white imp
Aim: a white imp (almost dead, 66% to hit)
You shoot an arrow. The arrow closely misses the white imp.
Fire: a) +0 shortbow
Press: ? - help, Q - select action, (/) - cycle Shift-Dir - straight line, f/p - white imp
Aim: a white imp (almost dead, 66% to hit)
You shoot an arrow.
The arrow hits the white imp but does no damage.
The white imp is almost dead.
Fire: a) +0 shortbow
Press: ? - help, Q - select action, (/) - cycle Shift-Dir - straight line, f/p - white imp
Aim: a white imp (almost dead, 66% to hit)
You shoot an arrow. The arrow hits the white imp.
You kill the white imp!
The orc wizard casts a spell at you. The puff of flame hits you!
You die...

#... #####... .
........ #####.
........
##+#.....
....... #......#
..... #...oo#
#+###... +.o.<.+
#.......#######
#...o.#
#...@.....#
#.....#
####.)....#
#.....#
#......###.....#
#.....).##.....#
#....o....######
#......##.
#......##
#).....#
#####......###


You could see an orc wizard.

Vanquished Creatures
  An ogre (D:5)
  A phantom (D:4)
  2 scorpions (D:4)
  2 orc wizards (D:5)
  3 adders
  A white imp (D:5)
  3 worms
  3 dart slugs
  3 orcs (D:3)
  5 bats
  8 endoplasms
  A giant cockroach (D:3)
  5 goblins
  8 hobgoblins
  4 jackals (D:3)
  9 kobolds
  4 quokkas
  4 ball pythons
  2 frilled lizards
  3 rats
72 creatures vanquished.

Notes
Turn   | Place    | Note
-------+----------+-------------------------------------------
     0 | D:1      | AIAndy the Barachi Hunter began the quest for the Orb.
     0 | D:1      | Reached XP level 1. HP: 17/17 MP: 1/1
    66 | D:1      | Found a faded altar of an unknown god.
   220 | D:1      | Reached XP level 2. HP: 23/23 MP: 2/2
   621 | D:2      | Reached XP level 3. HP: 19/28 MP: 3/3
   660 | D:2      | Reached skill level 5 in Ranged Weapons
   954 | D:2      | Reached XP level 4. HP: 34/34 MP: 4/4
  1268 | D:3      | Found a blossoming altar of Fedhas.
  1278 | D:3      | Found a stormy altar of Qazlal.
  1294 | D:3      | Found a broken altar of Ashenzari.
  1486 | D:3      | Found a burning altar of Makhleb.
  1885 | D:4      | Reached skill level 6 in Ranged Weapons
  1960 | D:4      | Noticed a scorpion
  1964 | D:4      | Killed a scorpion
  1965 | D:4      | Reached XP level 5. HP: 39/39 MP: 5/5
  2186 | D:4      | Noticed a phantom
  2195 | D:4      | Killed a phantom
  2196 | D:4      | Reached skill level 7 in Ranged Weapons
  2196 | D:4      | Reached XP level 6. HP: 39/46 MP: 6/6
  2483 | D:4      | Found Duommo's Jewellery Shop.
  2673 | D:5      | Entered Level 5 of the Dungeon
  2724 | D:5      | Reached skill level 8 in Ranged Weapons
  2748 | D:5      | Reached XP level 7. HP: 9/51 MP: 7/7
  2752 | D:5      | Killed from afar by an orc wizard

Illustrated notes

Levels and vault maps discovered:
D:1:      saegor_arrival_fortress, layout_basic,
          ebering_ecumenical_altar_petrified
D:2:      layout_rooms, serial_bayou_pond_c, patterned_corridor
D:3:      layout_loops_corners, grunt_temple_overflow_forces_of_nature,
          lemuel_crystal_altar, mainiacjoe_overflow_alcove_1,
          minmay_misc_feat_iff
D:4:      layout_gridville, minmay_shop_enchanted_jewellery
D:5:      layout_basic, lemuel_tele_altar, lemuel_zombie_altar_yredelemnul,
          hangedman_decor_slide_cut, minmay_mini_ossuary

Skill      XL: |  1  2  3  4  5  6 |
---------------+-------------------+-----
Ranged Weapons | 5 6 7 8 |  8.2
Fighting       | |  2.4
Dodging        | |  2.1
Stealth        | |  0.8

Action                     |  1- 3 |  4- 6 |  7- 9 || total
---------------------------+-------+-------+-------++-------
   Fire: Shortbow          |   103 |   130 |     5 ||   238
 Armour: Leather armour    |    11 |    32 |       ||    43
  Dodge: Dodged            |    17 |    30 |     1 ||    48
